[Event "Team 45 45 League T47"]
[Site "Internet Chess Club"]
[Date "2010.12.03"]
[Round "5"]
[White "Warpdrive"]
[Black "noblitz-oblige"]
[Result "0-1"]
[WhiteElo "1551"]
[BlackElo "1697"]
[Opening "King's gambit"]
[ECO "C30"]
[Time "22:31:12"]
[TimeControl "2700+45"]

1. e4 e5 2. f4 d6 3. Nf3 Nc6 4. d4 Bg4 5. Be2 Bxf3 6. Bxf3 Nxd4 7. O-O Nf6 8.
Nc3 Be7 9. Be3 Nxf3+ 10. Rxf3 g6 11. h3 Qd7 12. fxe5 dxe5 13. Qxd7+ Nxd7 14.
Raf1 f6 15. Nd5 Bd8 16. b4 c6 17. Nc3 O-O 18. Nd1 Rf7 19. c4 Kg7 20. a4 Nb6 21.
Bxb6 axb6 22. Nb2 Rd7 23. R1f2 Rd4 24. Re2 Be7 25. b5 cxb5 26. cxb5 Rc8 27. Kf2
Bb4 28. g4 Rc3 29. Kg3 Rxf3+ 30. Kxf3 Ba3 31. Rc2 Bxb2 32. Rxb2 Rxa4 33. Rc2 Rb4
34. Rc7+ Kh6 35. Rxb7 Rxb5 36. Rf7 Rb3+ 37. Kg2 Kg5 38. Rxh7 b5 39. Rf7 b4 40.
h4+ Kxg4 41. Rxf6 Kxh4 42. Rxg6 Re3 43. Rg8 Rxe4 44. Rb8 Kg4 45. Kf2 Rc4 46. Ke3
Kf5 47. Rb5 Ke6 48. Rb6+ Kd5 49. Rb5+ Kd6 50. Rb6+ Kc5 51. Rb8 Kd5 52. Rd8+ Kc5
53. Rc8+ Kb5 54. Rb8+ Ka4 55. Ra8+ Kb3 56. Rd8 Kc2 57. Rd2+ Kc1 {White resigns}
0-1

[Event "Team 45 45 League T47"]
[Site "Internet Chess Club"]
[Date "2010.12.04"]
[Round "5"]
[White "smitty120"]
[Black "LucaTrapani"]
[Result "1-0"]
[WhiteElo "1840"]
[BlackElo "1971"]
[Opening "French defense"]
[ECO "C00"]
[Time "18:04:55"]
[TimeControl "2700+45"]

1. e4 e6 2. Qh5 Nf6 3. Qh4 Be7 4. d3 d5 5. Bg5 c5 6. Nd2 h6 7. Ngf3 Nc6 8. Be2
O-O 9. Bxh6 gxh6 10. Qxh6 Nh7 11. h4 Bf6 12. Ng5 Nxg5 13. hxg5 Re8 14. gxf6
{Black resigns} 1-0

[Event "Team 45 45 League T47"]
[Site "Internet Chess Club"]
[Date "2010.12.05"]
[Round "5"]
[White "Harmonicus"]
[Black "VietLion"]
[Result "0-1"]
[WhiteElo "1916"]
[BlackElo "1927"]
[Opening "Sicilian: closed"]
[ECO "B24"]
[Time "08:00:31"]
[TimeControl "2700+45"]

1. e4 c5 2. Nc3 Nc6 3. g3 g6 4. Bg2 Bg7 5. d3 Rb8 6. Be3 b5 7. Bxc5 b4 8. Nce2
Bxb2 9. Rb1 Bg7 10. c3 Qa5 11. cxb4 Nxb4 12. Bxb4 Rxb4 13. Rxb4 Qxb4+ 14. Qd2
Qb1+ 15. Nc1 e6 16. Ne2 Ne7 17. O-O Qb6 18. Nb3 O-O 19. d4 d6 20. Nc3 Nc6 21.
Rd1 Na5 22. Nxa5 Qxa5 23. Nd5 Qxd2 24. Ne7+ Kh8 25. Rxd2 Bd7 26. d5 Bf6 27. Nc6
exd5 28. Rxd5 Bxc6 29. Rxd6 Rc8 30. Rxf6 Bb5 31. h4 Kg7 32. Rf3 Rc1+ 33. Kh2 Rc2
34. a3 Bc6 35. Re3 Rxf2 36. g4 f5 37. Kg3 Rc2 38. gxf5 gxf5 39. Bf3 fxe4 40. Bg4
Kf6 41. Kf4 Rf2+ 42. Kg3 Rd2 43. Kf4 Rd3 44. Rxd3 exd3 45. Ke3 Bb5 46. Bf3 Ke5
47. Bg4 h6 48. Bd1 Kd5 49. Bb3+ Ke5 50. Bf7 Kf5 51. Bh5 Bc4 52. Bd1 a5 53. Bh5
Bb5 54. Bf3 Ke5 55. Bh5 Ba6 56. Bg6 Bc4 57. Bh5 Kd5 58. Bf3+ Kc5 59. Be4 Kb5 60.
Kd4 d2 61. Bc2 Be2 {White resigns} 0-1

[Event "Team 45 45 League T47"]
[Site "Internet Chess Club"]
[Date "2010.12.03"]
[Round "5"]
[White "subterfuge"]
[Black "ghostfire"]
[Result "1-0"]
[WhiteElo "1759"]
[BlackElo "1695"]
[Opening "QGD Slav defense, Alekhine variation"]
[ECO "D10"]
[Time "23:09:20"]
[TimeControl "2700+45"]

1. d4 d5 2. c4 c6 3. Nc3 dxc4 4. e4 b5 5. a4 b4 6. Na2 Nf6 7. e5 Nd5 8. Bxc4 e6
9. Nf3 Ba6 10. Qe2 Qa5 11. b3 Be7 12. Bd2 O-O 13. O-O Rc8 14. Rac1 c5 15. Qe4
Bxc4 16. Rxc4 Nd7 17. Qg4 cxd4 18. Rxd4 Rab8 19. Re1 Qb6 20. Rxd5 exd5 21. Qxd7
Bc5 22. Kh1 Bxf2 23. Rf1 Rd8 24. Qf5 g6 25. Qh3 Be3 26. Ng5 Bxg5 27. Bxg5 Re8
28. Bf6 h5 29. Nc1 Rbc8 30. Ne2 Qa6 31. Qe3 Kh7 32. h3 Rc3 33. Qf2 Rxb3 34. Nf4
Qxa4 35. Nxh5 Qd7 36. Qh4 g5 37. Qxg5 Rxh3+ 38. gxh3 Qxh3+ 39. Kg1 Rg8 40. Ng7
a5 41. Rf2 a4 42. Rh2 {Black resigns} 1-0

[Event "Team 45 45 League T47"]
[Site "Internet Chess Club"]
[Date "2010.12.04"]
[Round "5"]
[White "Constrictor"]
[Black "John3v16"]
[Result "1-0"]
[WhiteElo "1690"]
[BlackElo "1729"]
[Opening "Sicilian: Nimzovich-Rossolimo attack (without ...d6)"]
[ECO "B30"]
[Time "12:32:50"]
[TimeControl "2700+45"]

1. Nf3 c5 2. e4 Nc6 3. Bb5 e6 4. O-O Nge7 5. c3 a6 6. Bxc6 Nxc6 7. d4 c4 8. Bg5
Be7 9. Bxe7 Nxe7 10. Ne5 d5 11. Nd2 f6 12. Ng4 b5 13. e5 f5 14. Ne3 f4 15. Nc2
O-O 16. Qg4 Qe8 17. h4 Qf7 18. h5 Qf5 19. Qxf5 Rxf5 20. h6 g5 21. g4 fxg3 22.
fxg3 g4 23. Ne3 Rg5 24. Rf4 Nf5 25. Rxg4 Rxg4 26. Nxg4 Nxg3 27. Nf6+ Kf7 28. Kf2
Nf5 29. Nxh7 Nxh6 30. Rh1 Ng8 31. Nf3 a5 32. Nhg5+ Kf8 33. Rh7 Rb8 34. Nh4 Ne7
35. Rh8+ Ng8 36. Rh7 Ne7 37. Rf7+ Ke8 38. Rf6 Ng8 39. Rf3 Rb7 40. Ng6 Rg7 41.
Rf8+ Kd7 42. Rf7+ Rxf7+ 43. Nxf7 Ne7 44. Nxe7 Kxe7 45. Nd6 Ba6 46. a3 Kd7 47.
Kg3 Kc7 48. Kf4 Kd7 49. Kg5 Bc8 50. Nxb5 Kc6 51. Nd6 Bd7 52. Kf6 Kc7 53. Ke7 Kc6
54. Kd8 a4 55. Ke7 Kc7 56. Nf7 {Black resigns} 1-0

[Event "Team 45 45 League T47"]
[Site "Internet Chess Club"]
[Date "2010.12.08"]
[Round "5"]
[White "upsan"]
[Black "TerryMalloy"]
[Result "1/2-1/2"]
[WhiteElo "1812"]
[BlackElo "2023"]
[Opening "Sicilian"]
[ECO "B50"]
[Time "20:00:07"]
[TimeControl "2700+45"]

1. e4 c5 2. Nf3 d6 3. c4 Nf6 4. Nc3 Nc6 5. d3 Bg4 6. h3 Bxf3 7. Qxf3 g6 8. Be3
Bg7 9. Qd1 O-O 10. Be2 Nd7 11. O-O Nd4 12. Qd2 Rb8 13. Rab1 a6 14. Bh6 b5 15.
Bxg7 Kxg7 16. Qe3 bxc4 17. dxc4 Rb4 18. b3 e6 19. Bd3 Qf6 20. Ne2 Nxe2+ {Game
drawn by mutual agreement} 1/2-1/2

[Event "Team 45 45 League T47"]
[Site "Internet Chess Club"]
[Date "2010.12.05"]
[Round "5"]
[White "Buford-Julep"]
[Black "daniguti"]
[Result "0-1"]
[WhiteElo "1625"]
[BlackElo "1659"]
[Opening "Alekhine's defense: modern variation"]
[ECO "B04"]
[Time "17:20:57"]
[TimeControl "2700+45"]

1. e4 Nf6 2. e5 Nd5 3. d4 d6 4. Nf3 c6 5. Be2 g6 6. exd6 Qxd6 7. O-O Bg7 8. c4
Nc7 9. Nc3 O-O 10. h3 Qd8 11. Bf4 Nd7 12. Re1 Nf6 13. Bg3 Re8 14. Bd3 a5 15. Rc1
Ne6 16. Bb1 Bh6 17. Rc2 Nf4 18. Bxf4 Bxf4 19. Rce2 Qc7 20. Qa4 Be6 21. Ne4 Nxe4
22. Bxe4 Rad8 23. d5 cxd5 24. cxd5 Bd7 25. Qb3 a4 26. Qc2 Rc8 27. Qxc7 Rxc7 28.
Bd3 Rc5 29. Rxe7 Rxe7 30. Rxe7 Rxd5 31. Bc4 Rd1+ 32. Re1 Rxe1+ 33. Nxe1 Bc6 34.
Nd3 Bd6 35. f4 b5 36. Bxf7+ Kxf7 37. Ne5+ Bxe5 38. fxe5 Ke6 {White resigns} 0-1

[Event "Team 45 45 League T47"]
[Site "Internet Chess Club"]
[Date "2010.12.06"]
[Round "5"]
[White "Schack"]
[Black "oldsj"]
[Result "1-0"]
[WhiteElo "1686"]
[BlackElo "1605"]
[Opening "King's Indian: Sämisch, 5...O-O"]
[ECO "E81"]
[Time "17:05:40"]
[TimeControl "2700+45"]

1. d4 Nf6 2. c4 g6 3. Nc3 Bg7 4. e4 d6 5. f3 O-O 6. Be3 c5 7. dxc5 dxc5 8. Qxd8
Rxd8 9. Bxc5 Nfd7 10. Bxe7 Re8 11. Nd5 Nc6 12. Ba3 Nd4 13. Bd3 Ne5 14. Kd2 Ne6
15. Ne2 Rd8 16. Rad1 Nxd3 17. Kxd3 b6 18. Kc2 Ba6 19. b3 Kh8 20. Bb2 Bxb2 21.
Kxb2 b5 22. cxb5 Bxb5 23. Nd4 Nxd4 24. Rxd4 Rac8 25. Rhd1 Be2 26. R1d2 Bf1 27.
Ne3 Rxd4 28. Rxd4 Bb5 29. Nc4 Ba6 30. Nd6 Rc7 31. Ne8 Re7 32. Rd8 Bf1 33. g4 Bg2
34. Nf6+ Kg7 35. g5 {Black resigns} 1-0

[Event "Team 45 45 League T47"]
[Site "Internet Chess Club"]
[Date "2010.12.04"]
[Round "5"]
[White "Ianjo"]
[Black "Deckfuel"]
[Result "1-0"]
[WhiteElo "1887"]
[BlackElo "1993"]
[Opening "English opening"]
[ECO "A10"]
[Time "10:13:51"]
[TimeControl "2700+45"]

1. c4 Nc6 2. e4 e5 3. g3 Bc5 4. Bg2 d6 5. h3 Nge7 6. Ne2 O-O 7. d3 f5 8. f4 fxe4
9. dxe4 exf4 10. Bxf4 Ng6 11. Qd5+ Kh8 12. Nbc3 Nxf4 13. Nxf4 Nb4 14. Qd2 Be3
15. Qe2 Bxf4 16. gxf4 Qh4+ 17. Kd1 Rxf4 18. Rf1 Bd7 19. Rxf4 Qxf4 20. Qf1 Qe3
21. a3 Qd4+ 22. Kc1 Nd3+ 23. Kc2 Ne5 24. b3 Ng6 25. Rd1 Qc5 26. Qf7 Ne5 27. Qd5
Qxd5 28. Nxd5 Rc8 29. Rf1 Be6 30. Kc3 Bxd5 31. exd5 g6 32. Kd4 Kg7 33. b4 a5 34.
bxa5 Nd7 35. Rb1 Nc5 36. Rb5 Rf8 37. Rxc5 dxc5+ 38. Kxc5 Ra8 39. Kb5 Ra6 40. d6
c6+ 41. Kb4 Kf6 42. h4 Ke6 43. c5 Ra8 44. Bh3+ Kd5 45. Bf1 h6 46. Bc4+ Kd4 47.
Be6 g5 48. h5 Ke5 49. Bh3 Kf4 50. a6 bxa6 51. Bg2 Rb8+ 52. Ka5 Ke5 53. Kxa6 Kd4
54. Ka7 Rd8 55. Kb6 Ke5 56. Kxc6 Rc8+ 57. Kb7 Rf8 58. d7 Ke6 59. Bh3+ Ke7 60. c6
Rf3 61. c7 Rb3+ 62. Kc8 {Black resigns} 1-0

[Event "Team 45 45 League T47"]
[Site "Internet Chess Club"]
[Date "2010.12.08"]
[Round "5"]
[White "Goli"]
[Black "LuxAeterna"]
[Result "0-1"]
[WhiteElo "1807"]
[BlackElo "1830"]
[Opening "Caro-Kann: Panov-Botvinnik attack"]
[ECO "B13"]
[Time "19:16:06"]
[TimeControl "2700+45"]

1. e4 c6 2. d4 d5 3. exd5 cxd5 4. c4 Nf6 5. Nf3 Nc6 6. Bg5 Bg4 7. Bxf6 Bxf3 8.
Qxf3 gxf6 9. cxd5 Nxd4 10. Qe4 Qb6 11. Nd2 f5 12. Qd3 Bg7 13. Be2 Qxb2 14. Rb1
Qxa2 15. Bf3 Nxf3+ 16. Nxf3 O-O-O 17. Qxf5+ Kb8 18. O-O Qxd5 19. Qg4 Rhg8 20.
Qb4 e5 21. Rfc1 Bh6 22. Rc5 Qxf3 23. g3 Rd2 24. Rf1 Be3 {White resigns} 0-1

[Event "Team 45 45 League T47"]
[Site "Internet Chess Club"]
[Date "2010.12.01"]
[Round "5"]
[White "Heian"]
[Black "justice02"]
[Result "1-0"]
[WhiteElo "1720"]
[BlackElo "1612"]
[Opening "Caro-Kann defense"]
[ECO "B10"]
[Time "21:00:29"]
[TimeControl "2700+45"]

1. e4 c6 2. Nf3 d5 3. e5 Bf5 4. c3 e6 5. d4 h6 6. Bd3 Ne7 7. O-O Nd7 8. a3 Bxd3
9. Qxd3 Nf5 10. b4 a5 11. Bb2 Nb6 12. Nbd2 Nh4 13. g3 Nf5 14. Ne1 Nd7 15. Nc2 b6
16. Ne3 g6 17. Ng2 h5 18. f4 h4 19. g4 h3 20. Ne3 Nxe3 21. Qxe3 Qh4 22. Qg3
Qxg3+ 23. hxg3 c5 24. Kh2 axb4 25. axb4 Rc8 26. Nf3 cxb4 27. Rac1 Ra8 28. Ra1
Ra5 29. Rxa5 bxa5 30. Ra1 bxc3 31. Bxc3 Be7 32. Rxa5 O-O 33. Kxh3 Rc8 34. Bd2
Nb6 35. Rb5 Nc4 36. Bb4 Bxb4 37. Rxb4 Ne3 38. Rb2 Kg7 39. Rb3 Rh8+ 40. Nh4 Nc2
41. Rd3 f6 42. exf6+ Kxf6 43. g5+ Ke7 44. Kg4 Rg8 45. Rd2 Ne3+ 46. Kf3 Nc4 47.
Ra2 Kd7 48. Ra7+ Kd6 49. Ra6+ Kd7 50. Ra7+ Kd6 51. Kf2 Nd2 52. g4 Nb3 53. Nf3
Nc1 54. Ne5 Nb3 55. Rd7# {Black checkmated} 1-0

[Event "Team 45 45 League T47"]
[Site "Internet Chess Club"]
[Date "2010.12.05"]
[Round "5"]
[White "elessar"]
[Black "ElMarginal"]
[Result "0-1"]
[WhiteElo "1659"]
[BlackElo "1566"]
[Opening "Inverted Hanham"]
[ECO "C42"]
[Time "18:00:33"]
[TimeControl "2700+45"]

1. e4 e5 2. Nf3 Nf6 3. d3 Nc6 4. Nbd2 d5 5. Be2 Be7 6. O-O O-O 7. c3 dxe4 8.
dxe4 a6 9. Qc2 Bg4 10. Rd1 Qc8 11. Nf1 Rd8 12. Re1 Bh5 13. Ng3 Bxf3 14. Bxf3 Qe6
15. h3 Na5 16. Nf5 Nc4 17. Ne3 Nxe3 18. Bxe3 Qc6 19. Bg5 h6 20. Be3 Bc5 21. Bxc5
Qxc5 22. Rad1 Kf8 23. Rxd8+ Rxd8 24. Rd1 Rxd1+ 25. Qxd1 Ke7 26. Qe2 a5 27. g4
Nh7 28. h4 Nf8 29. Qd2 Ne6 30. Qd5 Qxd5 31. exd5 Nf4 32. d6+ Kxd6 33. Bxb7 Nd3
34. Be4 Nc1 35. a3 Ne2+ 36. Kf1 Nf4 37. b4 axb4 38. cxb4 Ne6 39. Ke1 Nd4 40. Kd2
c5 41. bxc5+ Kxc5 42. Kd3 Nb5 43. Ke3 Nxa3 44. f4 Nc4+ 45. Kf3 Kd4 46. Bb7 Nd6
47. Bc6 e4+ 48. Ke2 Nc4 49. g5 Ne3 50. f5 Nxf5 {White resigns} 0-1